 Dungeon Crawl Stone Soup version 0.31.0-11-ge490571c62 (webtiles) character file.

Game seed: 14999221785240183584

8898 javelincjr the Mimic (level 11, -25/75 HPs)
             Began as a Demonspawn Shapeshifter on Jan 30, 2024.
             Was a Priest of Hepliaklqana.
             Incinerated by a smoke demon (28 damage)
             ... with a pyre arrow
             ... on level 12 of the Dungeon on Jan 31, 2024.
             The game lasted 00:47:12 (8768 turns).

javelincjr the Mimic (Demonspawn Shapeshifter)      Turns: 8768, Time: 00:47:13

Health: -25/75     AC: 12    Str: 26 (28) XL:     11   Next: 15%
Magic:  11/11      EV: 18    Int: 15 (16) God:    Hepliaklqana [***...]
Gold:   469        SH:  9    Dex: 11 (13) Spells: 10/10 levels left

rFire   x . .        b - melded +2 hammer (drain)
rCold   + + .        y - melded +0 kite shield {reflect}
rNeg    . . .        e - melded +0 animal skin
rPois   +            M - +2 helmet of Lust {Rampage rF- Will++ Regen+}
rElec   +            t - +2 cloak
rCorr   .            (no gloves)
SInv    .            (no boots)
Will    ++...        x - amulet of reflection
Stlth   +            z - ring of Meoroin {rElec Str+6 Int+5}
HPRegen 1.12/turn    i - ring "Qinue" {rPois rC++ AC+4 Dex+2}
MPRegen 0.12/turn

%: reflection, rampage
@: on fire, flux-form, on berserk cooldown, slowed, glowing, very slow
A: glow, contaminating, reduced essence, hooves 1, yellow scales 1, demonic
guardian 3, powered by pain 1, fangs 1, large bone plates 1, strong 1,
MP-powered wands
a: Begin Untransformation, Renounce Religion, Recall Ancestor, Ancestor
Identity, Transference


You were on level 12 of the Dungeon.
You worshipped Hepliaklqana.
Hepliaklqana was most pleased with you.
You were something dangerously unstable.
You visited 2 branches of the dungeon, and saw 12 of its levels.
You also visited: Sewer.

You collected 559 gold pieces.
You spent 90 gold pieces at shops.

Inventory:

Hand Weapons
 a - a +0 sling
 b - a +2 hammer of draining (melded)
 s - a +3 quarterstaff of chaos
 U - the +4 rapier of Integrity {flame, rPois rN+ MP-9 Dex+4}
   (You found it on level 8 of the Dungeon)

   Dex+4:     It affects your dexterity (+4).
   rPois:     It protects you from poison rN+: It protects you from negative
   energy.
   MP-9:      It affects your magic capacity (-9).
Missiles
 m - 14 boomerangs (quivered)
 o - 3 curare-tipped darts
 Z - 4 poisoned darts
Armour
 e - a +0 animal skin (melded)
 t - a +2 cloak (worn)
 y - a +0 kite shield of reflection (melded)
 M - the +2 helmet of Lust (worn) {Rampage rF- Will++ Regen+}
   (You found it on level 6 of the Dungeon)

   rF-:       It makes you vulnerable to fire.
   Will++:    It greatly increases your willpower.
   Regen+:    It increases your rate of health regeneration.
   Rampage:   It bestows one free step when moving towards enemies.
 W - a +2 hat
 X - the +0 robe of Efenim {rElec rF++ Int-3 Slay+2}
   (You found it on level 9 of the Dungeon)

   Int-3:     It affects your intelligence (-3).
   Slay+2:    It affects your accuracy & damage with ranged weapons and melee
   (+2).
   rF++:      It greatly protects you from fire.
   rElec:     It insulates you from electricity.
Jewellery
 g - a ring of poison resistance
 i - the ring "Qinue" (right hand) {rPois rC++ AC+4 Dex+2}
   (You found it on level 3 of the Dungeon)

   [ring of protection]

   AC+4:      It affects your AC (+4).
   Dex+2:     It affects your dexterity (+2).
   rC++:      It greatly protects you from cold.
   rPois:     It protects you from poison
 j - a ring of fire
 x - an amulet of reflection (around neck)
 z - the ring of Meoroin (left hand) {rElec Str+6 Int+5}
   (You found it on level 4 of the Dungeon)

   [ring of strength]

   Str+6:     It affects your strength (+6).
   Int+5:     It affects your intelligence (+5).
   rElec:     It insulates you from electricity.
 K - an amulet of faith
Talismans
 c - a beast talisman
 d - a flux talisman (active)
Wands
 h - a wand of flame (20)
 H - a wand of mindburst (10)
 P - a wand of paralysis (9)
 R - a wand of acid (3)
Scrolls
 f - 2 scrolls of blinking
 l - a scroll of brand weapon {unknown}
 q - 2 scrolls of amnesia
 r - 2 scrolls of fear
 v - a scroll of noise {unknown}
 w - a scroll of enchant armour
 A - a scroll of vulnerability {unknown}
 C - 5 scrolls of teleportation {unknown}
 D - a scroll of silence {unknown}
 E - a scroll of immolation {unknown}
 N - 2 scrolls of poison {unknown}
 O - 2 scrolls of revelation
 Q - a scroll of enchant weapon {unknown}
 Y - 4 scrolls of fog
Potions
 k - a potion of lignification
 n - 2 potions of resistance
 p - a potion of magic
 B - 2 potions of mutation
 F - 2 potions of invisibility
 G - a potion of curing
 I - a potion of enlightenment


   Skills:
 + Level 7.3 Fighting
 + Level 7.0 Dodging
 + Level 5.5 Shields
 + Level 7.1 Unarmed Combat
 * Level 9.2 Shapeshifting


You had 10 spell levels left.
You didn't know any spells.
Your spell library contained the following spells:

 Spells                   Type           Power      Damage    Failure   Level
 Cigotuvi's Dreadful Rot  Necr/Alch/Air  0%         N/A       38%         2
 Mercury Vapours          Alch/Air       0%         N/A       38%         2
 Scorch                   Fire           0%         2d5       38%         2
 Inner Flame              Hex/Fire       0%         N/A       63%         3
 Mephitic Cloud           Conj/Alch/Air  0%         N/A       63%         3
 Flame Wave               Conj/Fire      0%         2d4       95%         4
 Ignite Poison            Fire/Alch      0%         N/A       95%         4
 Sticky Flame             Fire/Alch      0%         2d4       95%         4
 Freezing Cloud           Conj/Ice/Air   0%         6-21      100%        5
 Summon Cactus Giant      Summ           0%         N/A       100%        6
 Ignition                 Fire           0%         3d3       100%        8


Dungeon Overview and Level Annotations

Branches:
Dungeon (12/15)            Temple (1/1) D:6           Sewer (visited)
   Lair: D:8-11         Orc: D:9-12

Altars:
Ashenzari
Cheibriados
Dithmenos
Fedhas
Gozag
Hepliaklqana
Kikubaaqudgha
Makhleb
Nemelex Xobeh
Okawaru
Qazlal
Ru
Sif Muna
Trog
Uskayaw
Vehumet
Wu Jian
Xom
Yredelemnul

Shops:
D:2 :=?[(   D:4 =   D:7 *


Innate Abilities, Weirdness & Mutations

You are something dangerously unstable.
You glow with magical radiation, making you easy to see and hit.
Foes you strike become dangerously contaminated with magical radiation.
You are incapable of wielding weapons or throwing items.
Your life essence is reduced to manifest your ancestor. (-10% HP)
You have large cloven feet.
You are partially covered in yellow scales. (AC +2)
A powerful demonic guardian rushes to your aid.
You sometimes gain a little power by taking damage.
You have very sharp teeth.
You are partially covered in large bone plates. (SH +4)
Your muscles are strong. (Str +4, Int/Dex -1)
You expend magic power (3 MP) to strengthen your wands.


Message History

Blink to where?
Press: ? - help, Q - select action, (/) - cycle Dir - move target
As you read the scroll of blinking, it crumbles to dust.
The liquid fire burns you!
Okay, then.
It was a potion of berserk rage.
A red film seems to cover your vision as you go berserk!
You feel yourself moving faster!
You feel mighty! The liquid fire burns you!
Something barely misses Artakama.
Something hits Artakama.
Artakama looks weaker.
You are too berserk!
Okay, then.
Okay, then.
Okay, then.
You feel a strong urge to attack something.
The liquid fire burns you! The liquid fire burns you!
The smoke demon barely misses Artakama.
The smoke demon closely misses Artakama.
The smoke demon hits Artakama.
You feel your anger nearly subside. The liquid fire burns you!
* * * LOW HITPOINT WARNING * * *
Artakama barely misses the red devil.
The orange demon stings Artakama!
Artakama is destroyed!
The liquid fire burns you!
* * * LOW HITPOINT WARNING * * *
A demonic guardian appears!
You rip and tear the barbed spikes from your body.
You are no longer berserk.
You are exhausted.
You feel yourself slow down. The smoke demon gestures at you.
Something smites you!
* * * LOW HITPOINT WARNING * * *
It was a potion of degeneration.
There was something very wrong with that liquid.
You feel weakened.
You feel dopey.
You feel clumsy. The liquid fire burns you!
You die...

##...........#.
...............
...............
...............
...............
.......3....... ........
.............PP
#......#######..p.....§P
..........>...........§§
.............4........§§
#............4..........
...........3............
......34..4.............
..........3.............
.......R..4.............
...P♣...3.^..........


You could see an orange demon, a smoke demon, a neqoxec, 2 red devils, a chaos
spawn and a friendly soul eater (summoned).

Vanquished Creatures
  A two-headed ogre (D:9)
  A gargoyle (D:9)
  A red devil (D:12)
  3 trolls
  A hornet (D:9)
  Grinder (D:3)
  A wraith (D:9)
  Sigmund (D:3)
  A shadow (D:10)
  9 yaks
  A human (D:7)
  3 hogs (D:7)
  A water moccasin (D:7)
  3 orc warriors
  3 ice beasts
  A black bear (D:7)
  3 ogres
  A crocodile (Sewer)
  4 centaurs
  A bullfrog (D:8)
  A kobold brigand (D:5)
  6 scorpions
  3 wights (D:7)
  A bombardier beetle (D:6)
  7 orc priests
  3 hounds
  2 gnoll boudas
  An iguana (D:5)
  3 sleepcaps
  Natasha (thrice) (D:3)
  5 orc wizards
  10 gnolls
  9 adders
  2 river rats (D:5)
  3 shadow imps
  2 white imps
  4 dart slugs
  32 orcs
  7 endoplasms
  8 goblins
  6 hobgoblins
  6 jackals
  3 quokkas
  9 ball pythons
  7 bats
  4 frilled lizards
  13 kobolds
  14 rats
215 creatures vanquished.

Vanquished Creatures (collateral kills)
  Gastronok (D:9)
  An orc warrior (D:7)
  A bombardier beetle (D:6)
  Crazy Yiuf (D:2)
  An orc wizard (D:8)
  3 gnolls
  A white imp (D:6)
  An orc (D:8)
  A quokka (D:3)
11 creatures vanquished.

Vanquished Creatures (others)
  A bombardier beetle (D:5)
  A hexer (D:12)
  An ancestor (D:7)
3 creatures vanquished.

Grand Total: 229 creatures vanquished

Notes
Turn   | Place    | Note
-------+----------+-------------------------------------------
     0 | D:1      | javelincjr the Demonspawn Shapeshifter began the quest for
                  | the Orb.
     0 | D:1      | Reached XP level 1. HP: 15/15 MP: 1/1
   112 | D:1      | Gained mutation: A weak demonic guardian rushes to your
                  | aid. [demonic ancestry]
   112 | D:1      | Reached XP level 2. HP: 21/21 MP: 2/2
   329 | D:1      | Reached skill level 3 in Shapeshifting
   556 | D:1      | Found a faded altar of an unknown god.
   578 | D:1      | Reached XP level 3. HP: 24/26 MP: 3/3
   925 | D:2      | Found Komuj's Magic Scroll Shoppe.
  1005 | D:2      | Found Xiffoghau's Armour Boutique.
  1032 | D:2      | Found Hest's Book Shop.
  1115 | D:2      | Found Daur's Antique Weapon Shoppe.
  1212 | D:2      | Found Titul's Jewellery Emporium.
  1312 | D:2      | Found a runed translucent door.
  1313 | D:2      | Noticed Crazy Yiuf
  1323 | D:2      | Killed Crazy Yiuf
  1324 | D:2      | Gained mutation: You are partially covered in yellow
                  | scales. (AC +2) [demonic ancestry]
  1324 | D:2      | Reached XP level 4. HP: 14/33 MP: 1/4
  1801 | D:3      | Noticed Natasha
  1813 | D:3      | Killed Natasha
  2017 | D:3      | Noticed Natasha
  2020 | D:3      | Killed Natasha
  2021 | D:3      | Reached XP level 5. HP: 32/38 MP: 5/5
  2167 | D:3      | Noticed Natasha
  2169 | D:3      | Noticed Sigmund
  2178 | D:3      | Killed Natasha
  2186 | D:3      | Gained mutation: You have very sharp teeth. [potion of
                  | mutation]
  2186 | D:3      | Gained mutation: You are partially covered in large bone
                  | plates. (SH +4) [potion of mutation]
  2186 | D:3      | Gained mutation: You have hidden genetic potential. [potion
                  | of mutation]
  2186 | D:3      | Noticed Grinder
  2187 | D:3      | Killed Sigmund
  2188 | D:3      | Reached skill level 4 in Shapeshifting
  2188 | D:3      | Reached XP level 6. HP: 9/46 MP: 6/6
  2193 | D:3      | Gained mutation: Your muscles are strong. (Str +4, Int/Dex
                  | -1) [hidden potential]
  2342 | D:3      | Paralysed by Grinder for 2 turns
  2618 | D:3      | Killed Grinder
  2619 | D:3      | Gained mutation: You have large cloven feet. [demonic
                  | ancestry]
  2619 | D:3      | Reached XP level 7. HP: 47/52 MP: 7/7
  2668 | D:3      | Identified the ring "Qinue" {rPois rC++ AC+4 Dex+2}
  2774 | D:4      | Found Isaficoh's Jewellery Shop.
  2787 | D:3      | Gained mutation: You expend magic power (3 MP) to
                  | strengthen your wands. [hidden potential]
  2787 | D:3      | Lost mutation: You have hidden genetic potential. [hidden
                  | potential expressed]
  2902 | D:3      | Reached skill level 5 in Shapeshifting
  2983 | D:4      | Identified the ring of Meoroin {rElec Str+6 Int+5}
  3498 | D:4      | Found a broken altar of Ashenzari.
  3521 | D:5      | Entered Level 5 of the Dungeon
  3576 | D:5      | Reached skill level 1 in Shields
  3586 | D:5      | Gained mutation: You sometimes gain a little power by
                  | taking damage. [demonic ancestry]
  3586 | D:5      | Reached XP level 8. HP: 60/60 MP: 8/8
  3634 | D:5      | Found an opulent altar of Gozag.
  3682 | D:5      | Found a glowing drain.
  3730 | Sewer    | Entered a sewer
  4126 | D:5      | Reached skill level 5 in Unarmed Combat
  4126 | D:5      | Reached skill level 6 in Shapeshifting
  5008 | D:6      | Gained mutation: A demonic guardian rushes to your aid.
                  | [demonic ancestry]
  5008 | D:6      | Reached XP level 9. HP: 67/67 MP: 9/9
  5096 | D:6      | Reached skill level 5 in Fighting
  5106 | D:6      | Found a snail-covered altar of Cheibriados.
  5219 | D:6      | Reached skill level 5 in Dodging
  5344 | D:6      | Found a staircase to the Ecumenical Temple.
  5354 | Temple   | Entered the Ecumenical Temple
  5371 | Temple   | Became a worshipper of Hepliaklqana the Forgotten
  5696 | D:6      | Found a blossoming altar of Fedhas.
  5698 | D:6      | Reached skill level 7 in Shapeshifting
  5755 | D:6      | Identified the +2 helmet of Lust {Rampage rF- Will++
                  | Regen+}
  5955 | D:7      | Found a sacrificial altar of Ru.
  6175 | D:7      | Reached * piety under Hepliaklqana
  6330 | D:7      | Found Wyb Omp's General Store.
  6339 | D:7      | Bought a scroll of revelation for 90 gold pieces
  6830 | D:8      | Found an ornate altar of the Wu Jian Council.
  6830 | D:8      | Found a radiant altar of Vehumet.
  6897 | D:8      | Found a bloodstained altar of Trog.
  6934 | D:8      | Reached ** piety under Hepliaklqana
  6935 | D:8      | Remembered your ancestor Artakama as a hexer
  6997 | D:8      | Reached XP level 10. HP: 68/68 MP: 10/10
  7015 | D:8      | Reached skill level 8 in Shapeshifting
  7104 | D:8      | Found a burning altar of Makhleb.
  7107 | D:8      | Noticed a cacodemon
  7107 | D:8      | Noticed an angel
  7215 | D:8      | Identified the +4 rapier of Integrity {flame, rPois rN+
                  | MP-9 Dex+4}
  7815 | D:9      | Found a shadowy altar of Dithmenos.
  7995 | D:9      | Found a stormy altar of Qazlal.
  8016 | D:9      | Noticed Gastronok
  8027 | D:9      | Killed Gastronok
  8028 | D:9      | Reached skill level 5 in Shields
  8073 | D:9      | Identified the +0 robe of Efenim {rElec rF++ Int-3 Slay+2}
  8085 | D:9      | Noticed a gargoyle
  8091 | D:9      | Killed a gargoyle
  8333 | D:9      | Noticed a two-headed ogre
  8345 | D:9      | Killed a two-headed ogre
  8346 | D:9      | Reached skill level 9 in Shapeshifting
  8346 | D:9      | Gained mutation: A powerful demonic guardian rushes to your
                  | aid. [demonic ancestry]
  8346 | D:9      | Reached XP level 11. HP: 62/75 MP: 11/11
  8578 | D:10     | Entered Level 10 of the Dungeon
  8676 | D:10     | Identified the +8 hand axe of Jixu {venom, Str+3 Int-4
                  | Stlth+}
  8702 | D:10     | Reached *** piety under Hepliaklqana
  8715 | D:10     | You fall into a shaft and drop 2 floors!
  8767 | D:12     | HP: 3/75 [smoke demon/divine providence (12)]
  8768 | D:12     | Incinerated by a smoke demon

Illustrated notes

Levels and vault maps discovered:
D:1:      saegor_arrival_simple_b, layout_basic,
          shapermc_ecumenical_altar_flowoftime, grunt_decor_one_mirror
D:2:      layout_loops_cross, serial_shops, nicolae_lakefront_shop,
          nicolae_shop_tiny_statue_garden, shop, shop, shop,
          uniq_crazy_yiuf_cottage
D:3:      layout_rooms, grunt_ministairs_9, chequers_serial_rivers_large_b,
          uniq_natasha, uniq_grinder, uniq_sigmund
D:4:      layout_cave_pools, cheibrodos_ashenzari_chains, serial_shops, shop
D:5:      layout_basic, nicolae_overflow_crystal_walls, portal_sewer_entry_b,
          minmay_misc_feat_nine_boxes
D:6:      layout_loops_corners, marbit_many_paths, chei_slow_surprise,
          temple_hall
D:7:      layout_loops_corners, lemuel_doored_altar, general_overflow_altar,
          mainiacjoe_overflow_concentric_impassable, serial_shops, shop,
          grunt_livestock
D:8:      layout_loops_corners, grunt_temple_overflow_order_and_chaos_2,
          trog_book, gammafunk_temple_overflow_wave,
          dreamdust_deal_with_the_devil, minmay_misc_feat_alley,
          dk_noncrumbling_4
D:9:      minmay_angry_zag, layout_basic, amcnicky_altar_gilded,
          mainiacjoe_overflow_surrounded_room, corexii_corridor_pit,
          nicolae_the_louvre, uniq_gastronok
D:10:     layout_stronghold, lair_entry_dummy, serial_shops, shop,
          kennysheep_cross_bottleneck, grunt_ministairs_12, lightli_orcish_oven
D:12:     layout_grid_maze, serial_demonic, serial_demonic_b, serial_demonic_b,
          serial_demonic_d, serial_demonic_b, serial_demonic_b,
          serial_demonic_a, serial_demonic_f, serial_shops, shop, shop,
          nicolae_shop_back_alley_shop, nicolae_shop_stone
Temple:   nicolae_temple_ecumenical_triangle

Skill      XL: |  1  2  3  4  5  6  7  8  9 10 11 |
---------------+----------------------------------+-----
Dodging        | 2 3 4 5 6 7 |  7.0
Shapeshifting  | 3 4 5 6 7 9 |  9.2
Unarmed Combat | 3 4 5 6 7 |  7.1
Fighting       | 2 3 4 6 7 |  7.3
Shields        | 1 2 4 5 |  5.5

Action                     |  1- 3 |  4- 6 |  7- 9 | 10-12 || total
---------------------------+-------+-------+-------+-------++-------
  Melee: Unarmed           |    42 |       |    90 |   145 ||   277
         Punch             |     1 |     5 |     1 |       ||     7
         Spear             |    22 |     3 |       |       ||    25
         Mace              |       |    56 |   250 |       ||   306
         Bite              |       |     1 |    35 |    21 ||    57
         Kick              |       |       |    98 |    72 ||   170
   Fire: Sling             |    60 |     5 |       |       ||    65
  Throw: Boomerang         |       |       |    14 |       ||    14
 Invoke: Ancestor Life: He |       |       |     1 |       ||     1
         Recall Ancestor   |       |       |       |     1 ||     1
    Use: Potion            |       |     6 |     1 |     2 ||     9
         Scroll            |       |       |     9 |     3 ||    12
   Stab: Sleeping          |     2 |       |       |       ||     2
         Confused          |       |       |     1 |     4 ||     5
         Distracted        |       |       |     1 |     1 ||     2
 Armour: Animal skin       |    35 |    34 |   113 |       ||   182
         Skin              |       |       |    25 |    37 ||    62
  Dodge: Dodged            |    36 |    29 |   152 |    59 ||   276
  Block: Other             |       |    13 |    54 |    42 ||   109
         Kite shield       |       |       |   248 |       ||   248
         Reflection        |       |       |    12 |     3 ||    15
   Form: Flux              |       |       |     1 |       ||     1
